[Event "Titled Tuesday Blitz May 16 Early 2023"]
[White "Veiga, Jose Francisco R P Neves"]
[Black "Ljukin, Sergei"]
[WhiteFideId "1930087"]
[BlackFideId "14102200"]
[WhiteElo "2320"]
[BlackElo "2312"]
[Result "0-1"]
[Round "09"]
[TimeControl "180+2"]
[Date "2023.05.16"]
[WhiteClock "0:00:02"]
[BlackClock "0:00:06"]

1. d4 d5 2. Nf3 Nf6 3. Bg5 Ne4 4. Bf4 c5 5. c3 Nc6 6. e3 Qb6 7. Qb3 c4 8. Qc2 Bf5 9. Nh4 Bd7 10. f3 Nf6 11. Nd2 h6 12. Bg3 g5 13. Nf5 Bxf5 14. Qxf5 Qxb2 15. Rb1 Qxc3 16. Bf2 Bg7 17. h4 e6 18. Qh3 O-O-O 19. Be2 Nb4 20. O-O Qxd2 21. Qg3 Nc6 22. Rfe1 Qa5 23. e4 Qc7 24. e5 Nh5 25. Qg4 Nf4 26. Bf1 Rdg8 27. g3 gxh4 28. Qxf4 hxg3 29. Bxg3 h5 30. Kf2 Bh6 31. Qh4 Bg5 32. Qh2 Nxd4 33. Bf4 Nf5 34. Bxg5 Rxg5 35. Bh3 Qc5+ 36. Kf1 Rhg8 37. Ke2 Nd4+ 38. Ke3 Nc2+ 39. Kd2 Nxe1 40. Rxe1 Qd4+ 41. Kc2 Rg1 42. Rxg1 Rxg1 43. Qd2 Qxd2+ 44. Kxd2 Rg3 45. Bg2 Rxg2+ 46. Ke3 Rxa2 0-1


[Site "https://www.chess.com"]

[Event "Titled Tuesday Blitz May 16 Early 2023"]
[White "Colbow, Collin"]
[Black "Dobre, Claudiu-Cristian"]
[WhiteFideId "16201132"]
[BlackFideId "1211854"]
[WhiteElo "2351"]
[BlackElo "2207"]
[Result "1-0"]
[Round "09"]
[TimeControl "180+2"]
[Date "2023.05.16"]
[WhiteClock "0:00:06"]
[BlackClock "0:00:00"]

1. d4 f5 2. Nc3 d5 3. Bf4 Nf6 4. f3 c5 5. e3 a6 6. Qd2 e6 7. O-O-O Nc6 8. g4 fxg4 9. fxg4 cxd4 10. exd4 Bb4 11. Bg2 O-O 12. g5 Ne4 13. Bxe4 dxe4 14. Nge2 Ne7 15. Qe3 Nd5 16. Nxd5 exd5 17. Rhf1 Bg4 18. Rf2 Be7 19. Rg1 Bxe2 20. Rxe2 Qd7 21. h4 Rf5 22. Rf2 Raf8 23. Rgf1 Qa4 24. a3 Qc4 25. Kb1 b5 26. Be5 Qxf1+ 27. Rxf1 Rxf1+ 28. Ka2 Rc8 29. Qb3 Rc4 30. Qh3 Kf7 31. Qxf1+ Kg6 32. Qe2 a5 33. Kb1 a4 34. Qg4 Kf7 35. Qf5+ Ke8 36. Qxh7 e3 37. Qd3 b4 38. axb4 Bxb4 39. Qxe3 Kd7 40. Bxg7 a3 41. bxa3 Bd6 42. h5 Rc6 43. h6 Rb6+ 44. Kc1 Be7 45. h7 1-0


[Site "https://www.chess.com"]

[Event "Titled Tuesday Blitz May 16 Early 2023"]
[White "Jakubowski, Krzysztof"]
[Black "Bettalli, Francesco"]
[WhiteFideId "1112848"]
[BlackFideId "2816453"]
[WhiteElo "2359"]
[BlackElo "2216"]
[Result "1-0"]
[Round "09"]
[TimeControl "180+2"]
[Date "2023.05.16"]
[WhiteClock "0:01:38"]
[BlackClock "0:01:18"]

1. e4 e5 2. Nf3 Nf6 3. Nxe5 Nc6 4. Nxc6 dxc6 5. Nc3 Bc5 6. f3 Nh5 7. Qe2 Qh4+ 8. Kd1 Ng3 9. Qe1 Bd6 10. Bc4 Qg5 11. d3 Qg6 12. hxg3 Bxg3 13. Qe3 Bd7 14. Qg5 h6 15. Qxg6 fxg6 16. Ne2 Bd6 17. Bf4 g5 18. Bxd6 cxd6 19. a4 Ke7 20. Kd2 Raf8 21. a5 g4 22. f4 g5 23. f5 Kf6 24. Ng3 Ke5 25. Ke3 d5 26. d4+ Kd6 27. e5+ Kc7 28. Bd3 Re8 29. b4 Kb8 30. Rh2 b6 31. Rah1 c5 32. Rxh6 Rxh6 33. Rxh6 cxb4 34. a6 Ba4 35. f6 b3 36. cxb3 Bxb3 37. f7 1-0


[Site "https://www.chess.com"]

[Event "Titled Tuesday Blitz May 16 Early 2023"]
[White "Jaskolka, Tomasz"]
[Black "Rios Escobar, Adan"]
[WhiteFideId "1170791"]
[BlackFideId "3403645"]
[WhiteElo "2155"]
[BlackElo "2469"]
[Result "1-0"]
[Round "09"]
[TimeControl "180+2"]
[Date "2023.05.16"]
[WhiteClock "0:00:20"]
[BlackClock "0:00:05"]

1. d4 Nf6 2. Nc3 d5 3. Bf4 e6 4. Nb5 Na6 5. a3 c6 6. Nc3 Be7 7. e3 Bd7 8. Nf3 Qb6 9. Bd3 c5 10. dxc5 Nxc5 11. b4 Nxd3+ 12. cxd3 O-O 13. O-O Rfc8 14. Be5 Qd8 15. Qb3 Ng4 16. Bg3 Bf6 17. Rac1 Be8 18. h3 Nh6 19. Be5 Nf5 20. Bxf6 Qxf6 21. d4 Qh6 22. Rc2 Rc7 23. Rfc1 Rac8 24. Na4 Rxc2 25. Rxc2 Rxc2 26. Qxc2 Qf6 27. Qc7 Qe7 28. Qb8 Qf8 29. Nc5 b6 30. Na6 Qe7 31. Nc7 Kf8 32. Nxe8 Qxe8 33. Qxa7 Qc6 34. Ne5 Qd6 35. Qxf7# 1-0


[Site "https://www.chess.com"]

[Event "Titled Tuesday Blitz May 16 Early 2023"]
[White "Mortazavi, Ali"]
[Black "Sowul, Bartosz"]
[WhiteFideId "401323"]
[BlackFideId "1137590"]
[WhiteElo "2339"]
[BlackElo "2188"]
[Result "0-1"]
[Round "09"]
[TimeControl "180+2"]
[Date "2023.05.16"]
[WhiteClock "0:00:38"]
[BlackClock "0:01:02"]

1. Nf3 Nf6 2. g3 d5 3. Bg2 Bg4 4. O-O c6 5. d3 Nbd7 6. c4 e6 7. Be3 Bd6 8. Qb3 Qc8 9. Nc3 O-O 10. Rac1 dxc4 11. Qxc4 Bxf3 12. Bxf3 Ne5 13. Qa4 Nxf3+ 14. exf3 Qd7 15. Ne4 Nd5 16. Rfd1 Be7 17. Kg2 Rfd8 18. a3 a6 19. Qc2 Rac8 20. Qe2 h6 21. h4 Bf6 22. b4 Qe7 23. Bc5 Qc7 24. Rc2 Be7 25. Rdc1 Bxc5 26. bxc5 b6 27. cxb6 Qxb6 28. f4 Qa5 29. Rxc6 Rxc6 30. Rxc6 Qxa3 31. d4 Qa4 32. Nd6 Qxc6 0-1


[Site "https://www.chess.com"]

[Event "Titled Tuesday Blitz May 16 Early 2023"]
[White "Potkin, Vladimir"]
[Black "Turzo, Attila"]
[WhiteFideId "4131061"]
[BlackFideId "704954"]
[WhiteElo "2474"]
[BlackElo "2463"]
[Result "1-0"]
[Round "09"]
[TimeControl "180+2"]
[Date "2023.05.16"]
[WhiteClock "0:00:22"]
[BlackClock "0:00:00"]

1. Nf3 d5 2. e3 c6 3. c4 Bf5 4. Nc3 e6 5. d4 Nf6 6. Nh4 Be4 7. f3 Bg6 8. Qb3 Qb6 9. Nxg6 hxg6 10. Bd2 Nbd7 11. Kf2 Be7 12. g3 O-O 13. Be2 Rfe8 14. h4 Qc7 15. Rac1 Rac8 16. g4 Qb8 17. h5 gxh5 18. g5 Nh7 19. Rxh5 Bxg5 20. Rg1 Bf6 21. Qc2 Ndf8 22. f4 g6 23. Rhh1 Bg7 24. c5 f5 25. b4 b5 26. a4 a6 27. Ra1 Qc7 28. axb5 axb5 29. Ra6 Ra8 30. Qa2 Qb7 31. Ra1 Rxa6 32. Qxa6 Qxa6 33. Rxa6 Rc8 34. Nxb5 cxb5 35. Bxb5 Nf6 36. Bd3 Ne4+ 37. Bxe4 fxe4 38. b5 Kf7 39. b6 Nd7 40. b7 Rc7 41. c6 Nb8 42. Ba5 Rxc6 43. Ra8 Nd7 44. Rd8 Rc2+ 45. Ke1 Rb2 46. Rxd7+ Kf8 47. Rd8+ Kf7 48. b8=Q 1-0


[Site "https://www.chess.com"]

[Event "Titled Tuesday Blitz May 16 Early 2023"]
[White "Gontcharov, Vladislav"]
[Black "Panda Sambit"]
[WhiteFideId "4123492"]
[BlackFideId "25091794"]
[WhiteElo "2420"]
[BlackElo "2272"]
[Result "0-1"]
[Round "09"]
[TimeControl "180+2"]
[Date "2023.05.16"]
[WhiteClock "0:00:00"]
[BlackClock "0:00:03"]

1. d4 d5 2. c4 e6 3. Nc3 a6 4. cxd5 exd5 5. Bf4 Nf6 6. e3 Bd6 7. Bg3 O-O 8. Bd3 Re8 9. Nge2 Nc6 10. a3 Ne7 11. Qc2 c6 12. b4 g6 13. Bxd6 Qxd6 14. Ng3 h5 15. h3 h4 16. Nge2 Bf5 17. O-O Bxd3 18. Qxd3 Nf5 19. Na4 Re7 20. Rae1 Rae8 21. Nc1 Ne4 22. Nc5 Qf6 23. Nxe4 Rxe4 24. Qd2 Qg5 25. Rd1 Nd6 26. Nd3 Nc4 27. Qc1 Qf6 28. Nc5 R4e7 29. e4 Rxe4 30. Nxe4 Rxe4 31. Rfe1 Rf4 32. Re2 Kg7 33. Qc3 b5 34. f3 Qd6 35. Rde1 Rf5 36. Qd3 Qf6 37. Re8 Rf4 38. Qe2 Rxd4 39. Qf2 Rd2 40. R8e2 Rd3 41. Re7 Rd2 42. R7e2 Rd3 43. Kh1 Rxa3 44. Re8 Rb3 45. R8e7 Rb2 46. Qf1 d4 47. R7e2 d3 48. Rxb2 Nxb2 49. Qf2 Qc3 50. Qe3 Qxb4 51. Qe5+ Kh7 52. Qg5 d2 53. Qxh4+ Kg7 54. Qxb4 dxe1=Q+ 55. Qxe1 Nc4 56. Qc3+ Kg8 57. h4 a5 58. Kh2 a4 59. Qb4 a3 60. Qb3 Kf8 0-1


[Site "https://www.chess.com"]

[Event "Titled Tuesday Blitz May 16 Early 2023"]
[White "Rom, Jasper"]
[Black "Shevtchenko, Olesya"]
[WhiteFideId "2023733"]
[BlackFideId "24131890"]
[WhiteElo "2233"]
[BlackElo "2003"]
[Result "1-0"]
[Round "09"]
[TimeControl "180+2"]
[Date "2023.05.16"]
[WhiteClock "0:01:45"]
[BlackClock "0:01:57"]

1. e4 c6 2. d4 d5 3. Nd2 dxe4 4. Nxe4 Bf5 5. Ng3 Bg6 6. h4 h6 7. Nh3 Bh7 8. Nf4 e5 9. dxe5 Qa5+ 10. c3 Qxe5+ 11. Be2 Nd7 12. O-O O-O-O 13. Nd3 Qf6 14. Qa4 Nc5 15. Nxc5 Bxc5 16. Bf4 Qxh4 17. Rad1 Nf6 18. Qxc6+ bxc6 19. Ba6# 1-0


[Site "https://www.chess.com"]

[Event "Titled Tuesday Blitz May 16 Early 2023"]
[White "Seinw1"]
[Black "Jakic, Ivan"]
[BlackFideId "14504901"]
[WhiteElo "2552"]
[BlackElo "2370"]
[Result "0-1"]
[Round "09"]
[TimeControl "180+2"]
[Date "2023.05.16"]
[WhiteClock "0:00:25"]
[BlackClock "0:02:27"]

1. e4 c5 2. Nf3 e6 3. d4 cxd4 4. Nxd4 Bc5 5. Nb3 Bb6 6. c4 Ne7 7. Nc3 O-O 8. Be2 f5 9. O-O Nbc6 10. exf5 Nxf5 11. Bd3 Qh4 12. c5 Bc7 13. g3 Qh3 14. Ne4 Nh4 15. Nf6+ Rxf6 16. Bxh7+ Kxh7 17. Qh5+ Rh6 0-1


[Site "https://www.chess.com"]

[Event "Titled Tuesday Blitz May 16 Early 2023"]
[White "Kleiman, Jake"]
[Black "Avazkhonov, Alikhon"]
[WhiteFideId "2020041"]
[BlackFideId "14208504"]
[WhiteElo "2548"]
[BlackElo "1739"]
[Result "1/2-1/2"]
[Round "09"]
[TimeControl "180+2"]
[Date "2023.05.16"]
[WhiteClock "0:00:07"]
[BlackClock "0:00:05"]

1. d4 Nf6 2. Bf4 d5 3. e3 e6 4. Nf3 Bd6 5. Bg3 O-O 6. Bd3 c5 7. c3 Nc6 8. Nbd2 b6 9. Ne5 Bb7 10. f4 Ne7 11. Bh4 Ne4 12. O-O f6 13. Nef3 Nf5 14. Bf2 cxd4 15. cxd4 Nxf2 16. Kxf2 Rc8 17. Qb3 Qc7 18. Rfe1 Kh8 19. Nb1 g5 20. g3 gxf4 21. exf4 Rfe8 22. Nc3 Qf7 23. Bxf5 exf5 24. Rxe8+ Rxe8 25. Re1 Rxe1 26. Nxe1 Qh5 27. Nf3 Qe8 28. Qa4 Qxa4 29. Nxa4 Kg7 30. Nh4 Bc8 31. Ng2 Be6 32. Ne3 Bb4 33. Ke2 b5 34. Nc3 Bxc3 35. bxc3 Kf7 36. Kd2 Ke7 37. Kc2 Kd6 38. Kb3 Kc6 39. Kb4 Kb6 40. Kb3 a5 41. a3 Kc6 42. Kc2 Kb6 43. Kd2 Kc6 44. Ke2 Kb6 45. Kf3 Kc6 46. Kg2 Kb6 47. Kh3 b4 48. cxb4 axb4 49. axb4 Kb5 50. Kh4 Kxb4 51. Kh5 Kc3 52. Kh6 Kxd4 53. Ng2 Ke4 54. Kxh7 d4 55. Ne1 Bb3 56. Kg6 Ke3 57. h4 Ke2 58. h5 Kxe1 59. h6 d3 60. h7 d2 61. h8=Q d1=Q 62. Qh1+ Kf2 63. Qxd1 Bxd1 64. Kxf5 Kxg3 65. Kxf6 Kxf4 1/2-1/2


[Site "https://www.chess.com"]

[Event "Titled Tuesday Blitz May 16 Early 2023"]
[White "Belov, Alexei"]
[Black "merinasian"]
[WhiteFideId "4128206"]
[WhiteElo "2545"]
[BlackElo "2451"]
[Result "1-0"]
[Round "09"]
[TimeControl "180+2"]
[Date "2023.05.16"]
[WhiteClock "0:00:25"]
[BlackClock "0:00:14"]

1. e4 c6 2. d4 d5 3. Nd2 dxe4 4. Nxe4 Nf6 5. Nxf6+ exf6 6. c3 Bd6 7. Bd3 O-O 8. Ne2 Bg4 9. Qc2 h6 10. Be3 Nd7 11. h3 Be6 12. c4 Qc7 13. O-O-O Qa5 14. a3 b5 15. c5 b4 16. Bd2 Be7 17. Bxb4 Qc7 18. Bc4 a5 19. Bd2 Bxc4 20. Qxc4 f5 21. Bf4 Qb7 22. Rhe1 Nf6 23. Nc3 Nd5 24. Nxd5 cxd5 25. c6 Qb6 26. Qxd5 Bf6 27. c7 g5 28. Bd6 Rfc8 29. Kb1 Bg7 30. Re7 Rf8 31. Rxf7 Rxf7 32. Qxa8+ Kh7 33. c8=Q Bxd4 34. Qg8# 1-0


[Site "https://www.chess.com"]

[Event "Titled Tuesday Blitz May 16 Early 2023"]
[White "Bogaudinov, Rushan"]
[Black "Tologon tegin, Semetei"]
[WhiteFideId "4129288"]
[BlackFideId "13800574"]
[WhiteElo "1941"]
[BlackElo "2247"]
[Result "0-1"]
[Round "09"]
[TimeControl "180+2"]
[Date "2023.05.16"]
[WhiteClock "0:00:00"]
[BlackClock "0:00:06"]

1. e4 c5 2. Nf3 d6 3. Bc4 Nf6 4. e5 dxe5 5. Nxe5 e6 6. O-O Nbd7 7. f4 Nxe5 8. fxe5 Qd4+ 9. Kh1 Qxe5 10. d3 Be7 11. Nc3 O-O 12. Bf4 Qd4 13. Nb5 Qd7 14. Nc7 Rb8 15. Bb5 Qd8 16. Qe2 Bd7 17. Rae1 Rc8 18. Qe5 a6 19. Bc4 Ng4 20. Qh5 Nf6 21. Qe5 Ne8 22. Nxe6 fxe6 23. Bxe6+ Bxe6 24. Qxe6+ Rf7 25. Bd6 Nxd6 26. Rxf7 Nxf7 27. Qxe7 Qxe7 28. Rxe7 b5 29. Ra7 g6 30. Rxa6 b4 31. h3 Kg7 32. a4 h5 33. a5 h4 34. Kg1 Nh6 35. Kf2 Nf5 36. Rb6 Nd4 37. c3 Rf8+ 38. Ke3 Re8+ 39. Kf4 bxc3 40. bxc3 Ne2+ 41. Kg5 Re5+ 42. Kxh4 Nxc3 43. a6 Rd5 44. a7 Rd4+ 45. Kg3 Ra4 46. Rb7+ Kh6 47. Rc7 Ne2+ 48. Kf3 Nd4+ 49. Ke3 Nf5+ 50. Kd2 Kg5 51. Rxc5 Rxa7 52. g4 Ra2+ 53. Kc3 Ra3+ 54. Kd2 Ra2+ 55. Kc1 Rh2 56. gxf5 gxf5 57. d4 Rxh3 58. d5 Kf6 59. Kd2 Ra3 60. d6 Ke6 61. d7 Ra8 62. Rc7 Kd6 63. Rb7 Kc6 0-1


[Site "https://www.chess.com"]

[Event "Titled Tuesday Blitz May 16 Early 2023"]
[White "Maxfan2008"]
[Black "Gatterer, Florian"]
[BlackFideId "811688"]
[WhiteElo "2531"]
[BlackElo "2221"]
[Result "1-0"]
[Round "09"]
[TimeControl "180+2"]
[Date "2023.05.16"]
[WhiteClock "0:00:42"]
[BlackClock "0:00:00"]

1. d4 Nf6 2. c4 g6 3. Nf3 Bg7 4. g3 c6 5. Bg2 d5 6. O-O O-O 7. cxd5 cxd5 8. Qb3 Nc6 9. Nc3 Na5 10. Qa4 Nc6 11. Ne5 Bd7 12. Nxd7 Qxd7 13. Bf4 e6 14. Rac1 Nh5 15. e3 Nxf4 16. gxf4 a6 17. Qb3 b5 18. a4 b4 19. Na2 Rfb8 20. Rc5 Bf8 21. Rcc1 Na5 22. Qd3 Qxa4 23. Ra1 Qb3 24. Qe2 Nc4 25. Rfb1 Qa4 26. b3 Qb5 27. bxc4 dxc4 28. Bxa8 Rxa8 29. Qf3 Rb8 30. Nc3 Qb6 31. Ne4 Be7 32. Qe2 Rc8 33. Rc1 c3 34. Qxa6 Qxa6 35. Rxa6 b3 36. Rxc3 Rb8 37. Nd2 b2 38. Nb1 Bb4 39. Rb3 Rc8 40. Rxb4 Rc1+ 41. Kg2 Rxb1 42. Rab6 Kg7 43. Rxb2 Rd1 44. Rb7 Rd3 45. Rc7 Rd2 46. Rxd2 h5 47. d5 Kf6 48. d6 Kf5 49. d7 Kg4 50. Rc5 f6 51. f3+ Kh4 52. d8=Q g5 53. Qxf6 1-0


[Site "https://www.chess.com"]

[Event "Titled Tuesday Blitz May 16 Early 2023"]
[White "Ginzburg, Yakov"]
[Black "Topalov, Aleksandar"]
[WhiteFideId "4157176"]
[BlackFideId "925659"]
[WhiteElo "2305"]
[BlackElo "2151"]
[Result "1-0"]
[Round "09"]
[TimeControl "180+2"]
[Date "2023.05.16"]
[WhiteClock "0:00:06"]
[BlackClock "0:00:05"]

1. d4 Nf6 2. c4 c5 3. d5 d6 4. Nf3 g6 5. Nc3 Bg7 6. e4 O-O 7. h3 Na6 8. Be2 Nc7 9. O-O e5 10. Ne1 Nd7 11. Nd3 f5 12. f4 exf4 13. Bxf4 Ne5 14. Bxe5 Bxe5 15. Nxe5 dxe5 16. exf5 gxf5 17. Qd2 Ne8 18. Qe3 Qe7 19. Rae1 b6 20. d6 Nxd6 21. Bf3 e4 22. Nd5 Qg7 23. Qf4 exf3 24. Rxf3 Ne4 25. Ree3 Be6 26. Rg3 Nxg3 27. Rxg3 Bxd5 28. cxd5 Rad8 29. Qe5 Qxg3 30. Qxg3+ Kh8 31. Qe5+ Kg8 32. h4 Rf7 33. Qe6 Rd7 34. h5 Re7 35. Qc8+ Rf8 36. Qc6 Rd8 37. h6 Red7 38. Qe6+ Kh8 39. d6 Rb7 40. Qf6+ Kg8 41. Qxd8+ 1-0


[Site "https://www.chess.com"]

[Event "Titled Tuesday Blitz May 16 Early 2023"]
[White "cristianserban1"]
[Black "Lesbekova, Assel"]
[BlackFideId "13713248"]
[WhiteElo "2519"]
[BlackElo "1805"]
[Result "1-0"]
[Round "09"]
[TimeControl "180+2"]
[Date "2023.05.16"]
[WhiteClock "0:01:25"]
[BlackClock "0:00:41"]

1. d4 f5 2. c4 d6 3. g3 Nf6 4. Bg2 g6 5. Nh3 Bg7 6. O-O Nc6 7. d5 Ne5 8. Qc2 O-O 9. Nd2 Rb8 10. a4 e6 11. dxe6 Bxe6 12. Nf4 Bf7 13. b3 g5 14. Nd3 Nxd3 15. exd3 Ng4 16. Bb2 Bxb2 17. Qxb2 Qf6 18. Qxf6 Nxf6 19. Rfe1 Rfe8 20. Nf3 h6 21. Nd4 f4 22. Nb5 d5 23. Nxc7 Red8 24. gxf4 gxf4 25. Ne6 Bxe6 26. Rxe6 Kf7 27. Rae1 dxc4 28. dxc4 Rd7 29. R6e5 Kg6 30. Bh3 Rd2 31. Bf5+ Kf7 32. Re7+ Kg8 33. R1e6 f3 34. h3 Kh8 35. Rxf6 Rg8+ 36. Rg6 Rxg6+ 37. Bxg6 1-0


[Site "https://www.chess.com"]

[Event "Titled Tuesday Blitz May 16 Early 2023"]
[White "Bilan, Danila"]
[Black "Goldin, Roman"]
[WhiteFideId "24161918"]
[BlackFideId "2803860"]
[WhiteElo "2182"]
[BlackElo "2312"]
[Result "0-1"]
[Round "09"]
[TimeControl "180+2"]
[Date "2023.05.16"]
[WhiteClock "0:00:00"]
[BlackClock "0:01:38"]

1. d4 Nf6 2. Nf3 b5 3. e3 a6 4. c4 bxc4 5. Bxc4 e6 6. Nc3 Bb7 7. O-O d5 8. Bd3 c5 9. Ne5 Qc7 10. Bd2 Bd6 11. f4 O-O 12. dxc5 Bxc5 13. Na4 Ba7 14. Rc1 Qe7 15. Rf3 Ne4 16. Rh3 f6 17. Nf3 Rc8 18. Rxc8+ Bxc8 19. Nd4 Bd7 20. Qh5 g6 21. Qe2 Nc6 22. Nxc6 Bxc6 23. Nc3 Nxd2 24. Qxd2 d4 25. exd4 Bxd4+ 26. Kh1 Rd8 27. Qc2 Ba7 28. Rg3 f5 29. h3 Qc5 30. Qc1 Qf2 31. Kh2 Rxd3 0-1


[Site "https://www.chess.com"]

[Event "Titled Tuesday Blitz May 16 Early 2023"]
[White "Wimalasuriya, Kasun M."]
[Black "Goltseva, Ekaterina"]
[WhiteFideId "9906789"]
[BlackFideId "24173770"]
[WhiteElo "2269"]
[BlackElo "2114"]
[Result "0-1"]
[Round "09"]
[TimeControl "180+2"]
[Date "2023.05.16"]
[WhiteClock "0:00:19"]
[BlackClock "0:00:10"]

1. d4 Nf6 2. Nf3 d5 3. c4 dxc4 4. Nc3 a6 5. a4 Nc6 6. Bf4 Bg4 7. e3 Na5 8. Be2 e6 9. O-O c5 10. dxc5 Qxd1 11. Rfxd1 Bxc5 12. Rac1 O-O 13. h3 Bxf3 14. Bxf3 Rac8 15. Be5 Be7 16. g4 Rfd8 17. g5 Nd7 18. Bg3 Nc5 19. Rxd8+ Bxd8 20. Rd1 Nd3 21. Rd2 Bxg5 22. Ne4 Be7 23. Bd6 Kf8 24. Be2 Nc1 25. Bf1 b5 26. axb5 axb5 27. Bxe7+ Kxe7 28. Nd6 Rd8 29. Rc2 Rxd6 30. Rxc1 Rd2 31. Rb1 Nb3 32. Bg2 Kd6 33. Kf1 Nc5 34. Ke1 Rc2 35. Bf1 Nd3+ 36. Bxd3 cxd3 37. Rd1 d2+ 38. Rxd2+ Rxd2 39. Kxd2 Kd5 40. Kd3 g5 41. e4+ Ke5 42. b4 h5 43. Ke3 f5 44. exf5 exf5 45. f3 g4 46. fxg4 fxg4 47. hxg4 hxg4 48. Kf2 Kd4 49. Kg3 Kc4 50. Kxg4 Kxb4 51. Kf3 Kc3 52. Ke2 Kc2 0-1


[Site "https://www.chess.com"]

[Event "Titled Tuesday Blitz May 16 Early 2023"]
[White "Sailer, Mike"]
[Black "Yelisieiev, Yevhenii"]
[WhiteFideId "2012901"]
[BlackFideId "14139642"]
[WhiteElo "2109"]
[BlackElo "2403"]
[Result "0-1"]
[Round "09"]
[TimeControl "180+2"]
[Date "2023.05.16"]
[WhiteClock "0:00:07"]
[BlackClock "0:00:17"]

1. d4 d6 2. Nf3 Nf6 3. Bf4 g6 4. e3 Bg7 5. Be2 O-O 6. O-O Nbd7 7. c4 b6 8. h3 Bb7 9. Nc3 Re8 10. Bh2 e5 11. a4 a5 12. Nb5 Ne4 13. Nd2 Nxd2 14. Qxd2 Qg5 15. d5 Qd8 16. f4 f5 17. fxe5 Bxe5 18. Nd4 Nc5 19. Bf3 Bxd4 20. Qxd4 Nb3 21. Qc3 Nxa1 22. Rxa1 Qe7 23. Bf4 Qg7 24. Qd2 g5 25. Bg3 Re7 26. Bf2 Rae8 27. Re1 Ba6 28. b3 Bc8 29. Qd3 f4 30. e4 Qg6 31. Bd4 h5 32. Bc3 Rh7 33. e5 Qxd3 0-1


[Site "https://www.chess.com"]

[Event "Titled Tuesday Blitz May 16 Early 2023"]
[White "Aradhya, Garg"]
[Black "Kuznetsov, Mikhail"]
[WhiteFideId "25006746"]
[BlackFideId "4117190"]
[WhiteElo "2263"]
[BlackElo "1981"]
[Result "1-0"]
[Round "09"]
[TimeControl "180+2"]
[Date "2023.05.16"]
[WhiteClock "0:00:18"]
[BlackClock "0:00:03"]

1. d4 Nf6 2. c4 g6 3. Nf3 Bg7 4. g3 O-O 5. Bg2 d5 6. cxd5 Nxd5 7. O-O Nc6 8. e4 Nb6 9. d5 Na5 10. Qe1 Nac4 11. Nc3 e6 12. b3 Nd6 13. dxe6 Bxe6 14. e5 Nf5 15. Bg5 Qe8 16. Rd1 h6 17. Bf6 Bxf6 18. exf6 Rd8 19. g4 Rxd1 20. Qxd1 Nd6 21. h3 Qd8 22. Qd4 Nd7 23. Ne4 Nxe4 24. Qxe4 c6 25. Qe3 Kh7 26. g5 h5 27. Qxa7 Qc7 28. Qe3 Ra8 29. Nd4 Nf8 30. a4 Re8 31. Rc1 Qd7 32. Qc3 Rd8 33. Ne2 Qd2 34. Qxd2 Rxd2 35. Nf4 Bxb3 36. a5 Rd1+ 37. Rxd1 Bxd1 38. Nd3 Ne6 39. h4 Bc2 40. Ne5 Kg8 41. Bh3 Bb3 42. Kf1 Kf8 43. Ke1 Bd5 44. Kd2 Nd4 45. Kc3 Nb3 46. Kb4 c5+ 47. Kb5 c4 48. Kb4 c3 49. Kxc3 Nxa5 50. Kd4 Bc6 51. Bf1 Nb3+ 52. Kc3 Nc5 53. Bc4 Ne4+ 54. Kd4 Nd6 55. Bb3 Be8 56. Bc2 b6 57. Kd5 Nb5 58. Bd3 Nc7+ 59. Kd6 Nb5+ 60. Bxb5 Bxb5 61. Kc7 Ke8 62. Kxb6 Be2 63. Kc5 Bd1 64. Kd6 Bb3 65. f4 Bc2 66. Nf3 Bf5 67. Nd4 Bd7 68. Kd5 Kd8 69. Ke5 Ke8 70. f5 Kf8 71. Ne6+ Bxe6 72. fxe6 Ke8 73. Kd6 Kf8 74. Kd7 Kg8 75. e7 Kh7 76. Kd8 Kg8 77. e8=Q+ Kh7 78. Qxf7+ Kh8 79. Qg7# 1-0


[Site "https://www.chess.com"]

[Event "Titled Tuesday Blitz May 16 Early 2023"]
[White "Baches Garcia, Guillermo"]
[Black "Itgelt, Khuyagtsogt"]
[WhiteFideId "2209764"]
[BlackFideId "4902912"]
[WhiteElo "2483"]
[BlackElo "2227"]
[Result "0-1"]
[Round "09"]
[TimeControl "180+2"]
[Date "2023.05.16"]
[WhiteClock "0:00:00"]
[BlackClock "0:00:04"]

1. e4 e6 2. d4 d5 3. exd5 exd5 4. Nf3 Nc6 5. Bb5 Ne7 6. O-O a6 7. Bd3 Bg4 8. c3 Qd7 9. b4 Ng6 10. a4 Be7 11. Na3 O-O 12. b5 Nd8 13. Bxg6 Bxf3 14. Bxh7+ Kxh7 15. Qxf3 axb5 16. axb5 Rh8 17. Re1 Kg8 18. h3 Ne6 19. Qd3 g6 20. Nc2 Rxa1 21. Nxa1 Kg7 22. Nb3 Ra8 23. c4 Ra4 24. c5 Bf6 25. Be3 Rb4 26. b6 cxb6 27. cxb6 Rxb6 28. Nc5 Qc8 29. Nxe6+ Rxe6 30. Qd2 Kh7 31. Rb1 Rc6 32. Qb2 b6 33. Qb5 Qe6 34. Ra1 Kg7 35. Ra8 Rc4 36. Qb2 Qc6 37. Qd2 Qxa8 38. Qd3 Qc6 39. Bh6+ Kh7 40. Qxg6+ fxg6 41. h4 Rc1+ 0-1


[Site "https://www.chess.com"]

[Event "Titled Tuesday Blitz May 16 Early 2023"]
[White "Toncheva, Nadya"]
[Black "Sakun, Volodymyr"]
[WhiteFideId "2924056"]
[BlackFideId "14114062"]
[WhiteElo "2101"]
[BlackElo "2318"]
[Result "0-1"]
[Round "09"]
[TimeControl "180+2"]
[Date "2023.05.16"]
[WhiteClock "0:00:13"]
[BlackClock "0:01:04"]

1. e4 e5 2. Nf3 Nc6 3. Bb5 Nf6 4. O-O Nxe4 5. Re1 Nd6 6. Nxe5 Be7 7. Bf1 Nxe5 8. Rxe5 O-O 9. d4 Bf6 10. Re1 Ne8 11. c4 d5 12. c5 b6 13. b4 a5 14. bxa5 bxc5 15. Bb2 cxd4 16. Bxd4 Rxa5 17. Nc3 c5 18. Bxf6 Nxf6 19. a4 Be6 20. Bb5 d4 21. Ne4 Nxe4 22. Rxe4 Qd5 23. Qe1 Ra7 24. Re5 Qd6 25. Rc1 Rc8 26. f4 g6 27. a5 d3 28. Qd2 c4 29. h3 Qd4+ 30. Kh1 Rc5 31. Rxc5 Qxc5 32. Qxd3 cxd3 33. Rxc5 Rxa5 34. Re5 d2 35. Be2 Rxe5 36. fxe5 Bb3 0-1


[Site "https://www.chess.com"]

[Event "Titled Tuesday Blitz May 16 Early 2023"]
[White "Girya, Olga"]
[Black "Osinovsky, Stepan"]
[WhiteFideId "4195752"]
[BlackFideId "4157354"]
[WhiteElo "2263"]
[BlackElo "2222"]
[Result "1-0"]
[Round "09"]
[TimeControl "180+2"]
[Date "2023.05.16"]
[WhiteClock "0:00:05"]
[BlackClock "0:00:00"]

1. d4 Nf6 2. Nf3 g6 3. Bg5 Bg7 4. Nbd2 O-O 5. c3 d6 6. e4 Nbd7 7. Be2 e5 8. O-O h6 9. Bh4 Re8 10. dxe5 dxe5 11. Qc2 Nf8 12. Nc4 Ne6 13. Rfd1 Qe7 14. Ncxe5 Nf4 15. Bf1 g5 16. Bg3 N6h5 17. Nc4 Bg4 18. Ne3 Bxf3 19. gxf3 Be5 20. Nf5 Qe6 21. Qb3 Qxb3 22. axb3 Kh7 23. Rd7 Kg6 24. Bc4 Rf8 25. Ra5 Rad8 26. Rxd8 Rxd8 27. Ne3 a6 28. Rxe5 Rd2 29. Rf5 Rxb2 30. Bxf7+ Kg7 31. Bxh5 Nxh5 32. Rd5 Rxb3 33. Rd7+ Kf6 34. Rxc7 a5 35. e5+ Ke6 36. Rh7 Nf4 37. Rxh6+ Kxe5 38. Bxf4+ gxf4 39. Ng4+ Kd5 40. Rh5+ Kc4 41. Rxa5 Kxc3 42. Rf5 Rb4 43. Rf7 Kd3 44. h4 Ke2 45. Kg2 Rb5 46. Re7+ Kd3 47. Nf6 Rf5 48. Ne4 b5 49. Rd7+ Kc4 50. Nd6+ 1-0


[Site "https://www.chess.com"]

[Event "Titled Tuesday Blitz May 16 Early 2023"]
[White "Przybylski, Wojciech"]
[Black "Andreev, Konstantin"]
[WhiteFideId "1117599"]
[BlackFideId "24239305"]
[WhiteElo "2222"]
[BlackElo "2106"]
[Result "1-0"]
[Round "09"]
[TimeControl "180+2"]
[Date "2023.05.16"]
[WhiteClock "0:00:04"]
[BlackClock "0:00:05"]

1. e4 c5 2. Nc3 e6 3. g3 Nc6 4. Bg2 Nge7 5. Nge2 g6 6. h4 h5 7. O-O Bg7 8. d3 O-O 9. Bg5 d6 10. Qd2 Kh7 11. Nd1 b5 12. c3 Bb7 13. Kh2 Qb6 14. Qc2 Rac8 15. Be3 Qc7 16. Rc1 a5 17. f4 f5 18. Nf2 Qd7 19. Nh3 e5 20. Ng5+ Kh8 21. a4 b4 22. Bh3 Rce8 23. Rcd1 d5 24. d4 cxd4 25. cxd4 exf4 26. Nxf4 dxe4 27. d5 Ne5 28. d6 Rc8 29. Qb3 N7c6 30. Nxe4 Ba8 31. Nc5 Qa7 32. Nce6 Qb7 33. d7 Nxd7 34. Nxg6+ Kh7 35. Rxd7 Qxd7 36. Ngxf8+ Bxf8 37. Bxf5+ Kh8 38. Nxf8 Qd6 39. Qf7 Rc7 40. Qxh5+ Kg7 41. Ne6+ Kg8 42. Qg6+ Kh8 43. Nxc7 1-0


[Site "https://www.chess.com"]